TOP OF THE 1ST |
Oklahoma State University Cowboys batting - Pitching for University of Illinois Fighting Illini : RHP Tom Harrison
|
Pitching: RHP Tom Harrison
|
|
Batting: LHB Edwin Cabral
|
0-0: Called Strike 0-1: Ball 1-1: DOUBLE (Line Drive, 3D, EV 97.5 MPH)
|
Batting: RHB Mario Arriero
|
0-0: Called Strike 0-1: Ground out 4-3 (Groundball, 4, EV 86.9 MPH) Edwin Cabral to third
|
Batting: SHB Guy Jerome
|
0-0: Ball 1-0: Fly out, F8 (Line Drive, 8LM, EV 93.1 MPH) Runner from 3rd tags up, OUT at HOME! 8-2
|
Top of the 1st over - 0 runs, 1 hit, 0 errors, 0 left on base; Oklahoma State University 0 - University of Illinois 0 |
BOTTOM OF THE 1ST |
University of Illinois Fighting Illini batting - Pitching for Oklahoma State University Cowboys : RHP Matt Collins
|
Pitching: RHP Matt Collins
|
|
Batting: RHB Ivan Castaneda
|
0-0: Foul Ball, location: 2F 0-1: Foul Ball, location: 2F 0-2: Foul Ball, location: 2F 0-2: Foul Ball, location: 2F 0-2: Ball 1-2: Ball 2-2: Foul Ball, location: 2F 2-2: Strikes out swinging
|
Batting: LHB George Roben
|
0-0: Foul Ball, location: 2F 0-1: Ball 1-1: Ball 2-1: Ball 3-1: Foul Ball, location: 2F 3-2: SINGLE (Groundball, 34S, EV 65.6 MPH) (infield hit)
|
Batting: RHB Jonathan Mendoza
|
0-0: Called Strike 0-1: Ball 1-1: Fly out, F8 (Flyball, 8RD, EV 86.9 MPH)
|
Batting: RHB German Quiroga
|
0-0: Called Strike George Roben steals 2nd base 0-1: Swinging Strike 0-2: Ball 1-2: Ground out U3 (Groundball, 34, EV 90.6 MPH)
|
Bottom of the 1st over - 0 runs, 1 hit, 0 errors, 1 left on base; Oklahoma State University 0 - University of Illinois 0 |
TOP OF THE 2ND |
Oklahoma State University Cowboys batting - Pitching for University of Illinois Fighting Illini : RHP Tom Harrison
|
Batting: RHB Masakuni Takeuchi
|
0-0: Called Strike 0-1: Foul Ball, location: 2F 0-2: Ball 1-2: Foul Ball, location: 2F 1-2: Ball 2-2: Strikes out swinging
|
Batting: LHB Jared Zulkowski
|
0-0: Ball 1-0: Called Strike 1-1: Ball 2-1: Ball 3-1: Base on Balls
|
Batting: RHB Hidemitsu Matsuno
|
0-0: Called Strike 0-1: Foul Ball, location: 2F 0-2: Foul Ball, location: 2F 0-2: Strikes out swinging
|
Batting: RHB Cody Kafer
|
0-0: Ball 1-0: Ball 2-0: Ball 3-0: Base on Balls Jared Zulkowski to second
|
Batting: RHB Mennad Maalik
|
0-0: Called Strike 0-1: Ball 1-1: Called Strike 1-2: Ball 2-2: Foul Ball, location: 2F 2-2: Strikes out looking
|
Top of the 2nd over - 0 runs, 0 hits, 0 errors, 2 left on base; Oklahoma State University 0 - University of Illinois 0 |
BOTTOM OF THE 2ND |
University of Illinois Fighting Illini batting - Pitching for Oklahoma State University Cowboys : RHP Matt Collins
|
Batting: RHB Chris Bejarano
|
0-0: Foul Ball, location: 2F 0-1: Ball 1-1: Swinging Strike 1-2: Ground out 5-3 (Groundball, 56S, EV 81.2 MPH)
|
Batting: RHB Danny Vinagre
|
0-0: Ball 1-0: Foul Ball, location: 2F 1-1: Ball 2-1: Swinging Strike 2-2: Foul Ball, location: 2F 2-2: Foul Ball, location: 2F 2-2: Strikes out swinging
|
Batting: RHB Elmar Adenauer
|
0-0: Ball 1-0: Ball 2-0: Foul Ball, location: 2F 2-1: DOUBLE (Flyball, 89XD, EV 115.6 MPH)
|
Batting: RHB Alfredo Reguera
|
0-0: Called Strike 0-1: Ball 1-1: DOUBLE (Line Drive, 7LS, EV 89.4 MPH) Elmar Adenauer scores
|
Batting: RHB Edwin Bejarano
|
0-0: Swinging Strike 0-1: Called Strike 0-2: Ball 1-2: Strikes out swinging
|
Bottom of the 2nd over - 1 run, 2 hits, 0 errors, 1 left on base; Oklahoma State University 0 - University of Illinois 1 |
TOP OF THE 3RD |
Oklahoma State University Cowboys batting - Pitching for University of Illinois Fighting Illini : RHP Tom Harrison
|
Batting: RHB Tony Castellanos
|
0-0: Called Strike 0-1: Swinging Strike 0-2: SOLO HOME RUN (Flyball, 78XD, EV 103.8 MPH), Distance : 436 ft
|
Batting: LHB Edwin Cabral
|
0-0: Foul Ball, location: 2F 0-1: Ball 1-1: Swinging Strike 1-2: Fly out, F8 (Flyball, 8LXD, EV 101.9 MPH)
|
Batting: RHB Mario Arriero
|
0-0: Ball 1-0: Called Strike 1-1: Ball 2-1: Ball 3-1: DOUBLE (Line Drive, 9LM, EV 100.0 MPH)
|
Batting: SHB Guy Jerome
|
0-0: Ball 1-0: Swinging Strike 1-1: Called Strike 1-2: Foul Ball, location: 2F 1-2: Ground out 5-3 (Groundball, 56, EV 88.8 MPH)
|
Batting: RHB Masakuni Takeuchi
|
0-0: Ball 1-0: Ball 2-0: Called Strike 2-1: Ball 3-1: Base on Balls
|
Batting: LHB Jared Zulkowski
|
0-0: Ball 1-0: Called Strike 1-1: Fly out, F7 (Flyball, 7LM, EV 94.4 MPH)
|
Top of the 3rd over - 1 run, 2 hits, 0 errors, 2 left on base; Oklahoma State University 1 - University of Illinois 1 |
BOTTOM OF THE 3RD |
University of Illinois Fighting Illini batting - Pitching for Oklahoma State University Cowboys : RHP Matt Collins
|
Batting: RHB Ivan Castaneda
|
0-0: Ball 1-0: Foul Ball, location: 2F 1-1: Ball 2-1: Ground out 6-3 (Groundball, P, EV 80.0 MPH)
|
Batting: LHB George Roben
|
0-0: Foul Ball, location: 2F 0-1: Foul Ball, location: 2F 0-2: Ball 1-2: Ball 2-2: Foul Ball, location: 2F 2-2: Strikes out swinging
|
Batting: RHB Jonathan Mendoza
|
0-0: Swinging Strike 0-1: Ball 1-1: Foul Ball, location: 2F 1-2: Strikes out swinging
|
Bottom of the 3rd over - 0 runs, 0 hits, 0 errors, 0 left on base; Oklahoma State University 1 - University of Illinois 1 |
TOP OF THE 4TH |
Oklahoma State University Cowboys batting - Pitching for University of Illinois Fighting Illini : RHP Tom Harrison
|
Batting: RHB Hidemitsu Matsuno
|
0-0: Ground out 5-3 (Groundball, 56, EV 90.6 MPH)
|
Batting: RHB Cody Kafer
|
0-0: Called Strike 0-1: Ball 1-1: Foul Ball, location: 2F 1-2: Foul Ball, location: 2F 1-2: Ball 2-2: Ball 3-2: Foul Ball, location: 2F 3-2: Fly out, F8 (Flyball, 78M, EV 91.9 MPH)
|
Batting: RHB Mennad Maalik
|
0-0: DOUBLE (Line Drive, 8RD, EV 108.8 MPH)
|
Batting: RHB Tony Castellanos
|
0-0: Swinging Strike 0-1: Swinging Strike 0-2: Strikes out swinging
|
Top of the 4th over - 0 runs, 1 hit, 0 errors, 1 left on base; Oklahoma State University 1 - University of Illinois 1 |
BOTTOM OF THE 4TH |
University of Illinois Fighting Illini batting - Pitching for Oklahoma State University Cowboys : RHP Matt Collins
|
Batting: RHB German Quiroga
|
0-0: Ball 1-0: Called Strike 1-1: SINGLE (Groundball, 56D, EV 104.4 MPH)
|
Batting: RHB Chris Bejarano
|
0-0: Ball 1-0: Foul Ball, location: 2F 1-1: Foul Ball, location: 2F 1-2: Ball 2-2: Fly out, F7 (Flyball, 78M, EV 84.4 MPH)
|
Batting: RHB Danny Vinagre
|
0-0: Called Strike 0-1: Fly out, F4 (Popup, 34, EV 71.2 MPH)
|
Batting: RHB Elmar Adenauer
|
0-0: Swinging Strike 0-1: Foul Ball, location: 2F 0-2: Strikes out swinging
|
Bottom of the 4th over - 0 runs, 1 hit, 0 errors, 1 left on base; Oklahoma State University 1 - University of Illinois 1 |
TOP OF THE 5TH |
Oklahoma State University Cowboys batting - Pitching for University of Illinois Fighting Illini : RHP Tom Harrison
|
Pitching: RHP Will Irwin
|
|
Batting: LHB Edwin Cabral
|
0-0: Called Strike 0-1: Ball 1-1: Ball 2-1: Foul Ball, location: 2F 2-2: Ground out 6-3 (Groundball, 4M, EV 85.0 MPH)
|
Batting: RHB Mario Arriero
|
0-0: Swinging Strike 0-1: Foul Ball, location: 2F 0-2: Foul Ball, location: 2F 0-2: Ball 1-2: Strikes out swinging
|
Batting: SHB Guy Jerome
|
0-0: Ball 1-0: DOUBLE (Line Drive, 9LM, EV 107.5 MPH)
|
Batting: RHB Masakuni Takeuchi
|
0-0: Foul Ball, location: 2F 0-1: Ball 1-1: Ball 2-1: Foul Ball, location: 2F 2-2: Foul Ball, location: 2F 2-2: Ball 3-2: Base on Balls
|
Batting: LHB Jared Zulkowski
|
0-0: Ball 1-0: Swinging Strike 1-1: Swinging Strike 1-2: Foul Ball, location: 2F 1-2: Foul Ball, location: 2F 1-2: Ball 2-2: Strikes out swinging
|
Top of the 5th over - 0 runs, 1 hit, 0 errors, 2 left on base; Oklahoma State University 1 - University of Illinois 1 |
BOTTOM OF THE 5TH |
University of Illinois Fighting Illini batting - Pitching for Oklahoma State University Cowboys : RHP Matt Collins
|
Pitching: RHP Ryan Hungerman
|
|
Pinch Hitting: LHB Jim Upson
|
0-0: Ball 1-0: Ball 2-0: Fly out, F4 (Line Drive, 4, EV 67.5 MPH)
|
Batting: RHB Edwin Bejarano
|
0-0: Called Strike 0-1: Swinging Strike 0-2: Strikes out swinging
|
Batting: RHB Ivan Castaneda
|
0-0: Ball 1-0: Swinging Strike 1-1: Foul Ball, location: 2F 1-2: Strikes out looking
|
Bottom of the 5th over - 0 runs, 0 hits, 0 errors, 0 left on base; Oklahoma State University 1 - University of Illinois 1 |
TOP OF THE 6TH |
Oklahoma State University Cowboys batting - Pitching for University of Illinois Fighting Illini : RHP Will Irwin
|
Now in LF: Vinny Torres
|
|
Batting: RHB Hidemitsu Matsuno
|
0-0: Swinging Strike 0-1: Foul Ball, location: 2F 0-2: Strikes out looking
|
Batting: RHB Cody Kafer
|
0-0: SINGLE (Line Drive, 4MD, EV 105.6 MPH)
|
Batting: RHB Mennad Maalik
|
0-0: Called Strike 0-1: Called Strike 0-2: Ball 1-2: Ball 2-2: Strikes out swinging
|
Pitching: RHP Sherwood Abernethy
|
|
Batting: RHB Tony Castellanos
|
0-0: Reached on error, E4 (Groundball, 4M, EV 82.5 MPH) Cody Kafer to second
|
Pinch Hitting: RHB Jay Hickman
|
0-0: Ground out 4-3 (Groundball, 34, EV 90.6 MPH)
|
Top of the 6th over - 0 runs, 1 hit, 1 error, 2 left on base; Oklahoma State University 1 - University of Illinois 1 |
BOTTOM OF THE 6TH |
University of Illinois Fighting Illini batting - Pitching for Oklahoma State University Cowboys : RHP Ryan Hungerman
|
Now at 3B: Vance McDonald
|
|
Batting: LHB George Roben
|
0-0: Ball 1-0: Foul Ball, location: 2F 1-1: Ball 2-1: Swinging Strike 2-2: Foul Ball, location: 2F 2-2: Ball 3-2: Strikes out swinging
|
Batting: RHB Jonathan Mendoza
|
0-0: SINGLE (Groundball, 6D, EV 99.4 MPH)
|
Batting: RHB German Quiroga
|
0-0: Ball 1-0: Grounds into double play, 5-4-3 (Groundball, 56, EV 83.8 MPH)
|
Bottom of the 6th over - 0 runs, 1 hit, 0 errors, 0 left on base; Oklahoma State University 1 - University of Illinois 1 |
TOP OF THE 7TH |
Oklahoma State University Cowboys batting - Pitching for University of Illinois Fighting Illini : RHP Sherwood Abernethy
|
Pinch Hitting: RHB Eric Zylstra
|
0-0: Called Strike 0-1: Ball 1-1: Ball 2-1: Fly out, F8 (Flyball, 8RM, EV 85.6 MPH)
|
Pinch Hitting: RHB Dennis Bennett
|
0-0: Ball 1-0: Foul Ball, location: 2F 1-1: Swinging Strike 1-2: SINGLE (Flyball, 6D, EV 96.9 MPH)
|
Batting: RHB Josh Patterson
|
0-0: Ball 1-0: Ball 2-0: Ball 3-0: Called Strike 3-1: Called Strike 3-2: Fielders Choice at 2nd, 6-4 (Groundball, 6, EV 90.6 MPH)
|
Batting: LHB Jared Zulkowski
|
0-0: Called Strike 0-1: Ball 1-1: Ball 2-1: Ball 3-1: Foul Ball, location: 2F 3-2: Strikes out swinging
|
Top of the 7th over - 0 runs, 1 hit, 0 errors, 1 left on base; Oklahoma State University 1 - University of Illinois 1 |
BOTTOM OF THE 7TH |
University of Illinois Fighting Illini batting - Pitching for Oklahoma State University Cowboys : RHP Ryan Hungerman
|
Now at 2B: Cruz Castro
|
|
Now in CF: Suzunosuke Yamaguchi
|
|
Batting: RHB Chris Bejarano
|
0-0: Called Strike 0-1: Ball 1-1: Ground out 5-3 (Groundball, 56, EV 83.8 MPH)
|
Batting: RHB Danny Vinagre
|
0-0: Swinging Strike 0-1: Ball 1-1: Foul Ball, location: 2F 1-2: Ball 2-2: Strikes out swinging
|
Batting: RHB Elmar Adenauer
|
0-0: Foul Ball, location: 2F 0-1: Foul Ball, location: 2F 0-2: Foul Ball, location: 2F 0-2: Foul Ball, location: 2F 0-2: Foul Ball, location: 2F 0-2: Ball 1-2: Ball 2-2: Ball 3-2: Ground out 4-3 (Groundball, 34, EV 81.9 MPH)
|
Bottom of the 7th over - 0 runs, 0 hits, 0 errors, 0 left on base; Oklahoma State University 1 - University of Illinois 1 |
TOP OF THE 8TH |
Oklahoma State University Cowboys batting - Pitching for University of Illinois Fighting Illini : RHP Sherwood Abernethy
|
Pinch Hitting: RHB Justin Klein
|
0-0: Called Strike 0-1: Swinging Strike 0-2: Strikes out swinging
|
Pinch Hitting: RHB Dave de Wolff
|
0-0: Fly out, F8 (Flyball, 8RD, EV 91.2 MPH)
|
Pinch Hitting: RHB Tony Cabrera
|
0-0: Ball 1-0: Ground out 6-3 (Groundball, 6, EV 79.4 MPH)
|
Top of the 8th over - 0 runs, 0 hits, 0 errors, 0 left on base; Oklahoma State University 1 - University of Illinois 1 |
BOTTOM OF THE 8TH |
University of Illinois Fighting Illini batting - Pitching for Oklahoma State University Cowboys : RHP Ryan Hungerman
|
Now at 1B: Chris Marcellus
|
|
Now in LF: Leo Puentes
|
|
Now in RF: Ji-an See-to
|
|
Pinch Hitting: LHB Art D'Ascenzo
|
0-0: Foul Ball, location: 2F 0-1: Foul Ball, location: 2F 0-2: Foul Ball, location: 2F 0-2: Ball 1-2: Ball 2-2: Ball 3-2: Foul Ball, location: 2F 3-2: SINGLE (Groundball, 4MD, EV 101.9 MPH)
|
Pitching: RHP Eugene Savard
|
|
Batting: RHB Edwin Bejarano
|
0-0: Foul Ball, location: 2F 0-1: Ball 1-1: Foul Ball, location: 2F 1-2: Ball 2-2: Strikes out swinging
|
Batting: RHB Ivan Castaneda
|
|
Pinch Hitting: RHB Francisco Cabrera
|
0-0: Ball 1-0: Foul Ball, location: 2F 1-1: Called Strike 1-2: Ball 2-2: Ball 3-2: Foul Ball, location: 2F 3-2: SINGLE (Line Drive, 34D, EV 93.8 MPH) Art D'Ascenzo to second
|
Batting: LHB George Roben
|
0-0: Ball 1-0: Called Strike 1-1: Ball 2-1: Called Strike 2-2: Ball 3-2: SINGLE (Line Drive, 4MD, EV 98.8 MPH) Art D'Ascenzo to third Francisco Cabrera to second Runner from 3rd tries for Home, SAFE, throw by CF to home
|
Batting: RHB Jonathan Mendoza
|
0-0: Foul Ball, location: 2F 0-1: Foul Ball, location: 2F 0-2: Ball 1-2: Ball 2-2: SINGLE (Flyball, 9LS, EV 93.8 MPH) Francisco Cabrera to third George Roben to second
|
Batting: LHB Efrem Isaev
|
0-0: Called Strike 0-1: Swinging Strike 0-2: Ball 1-2: Ball 2-2: Ball 3-2: Foul Ball, location: 2F 3-2: Grounds into fielders choice 5-2 (Groundball, 56S, EV 76.9 MPH) George Roben to third Jonathan Mendoza to second
|
Pitching: LHP Jon Lizarraga
|
|
Batting: RHB Chris Bejarano
|
0-0: Called Strike 0-1: Ball 1-1: Ball 2-1: SINGLE (Line Drive, 9S, EV 95.6 MPH) George Roben scores Jonathan Mendoza to third Efrem Isaev to second Runner from 3rd tries for Home, SAFE, throw by RF to home
|
Batting: RHB Danny Vinagre
|
0-0: Fly out, F8 (Flyball, 8LD, EV 93.8 MPH)
|
Bottom of the 8th over - 3 runs, 5 hits, 0 errors, 2 left on base; Oklahoma State University 1 - University of Illinois 4 |
TOP OF THE 9TH |
Oklahoma State University Cowboys batting - Pitching for University of Illinois Fighting Illini : RHP Sherwood Abernethy
|
Pitching: LHP Humberto Carrera
|
|
Now at 1B: Francisco Cabrera
|
|
Now in LF: Art D'Ascenzo
|
|
Pinch Hitting: RHB Mario Martinez
|
0-0: Called Strike 0-1: Foul Ball, location: 2F 0-2: Foul Ball, location: 2F 0-2: Foul Ball, location: 2F 0-2: Foul Ball, location: 2F 0-2: Ball 1-2: Hit by Pitch
|
Pitching: RHP Bobby Acevedo
|
|
Pinch Hitting: LHB Israel Jaramillo
|
0-0: Called Strike 0-1: Fielders Choice at 2nd, 4-6 (Groundball, 4, EV 90.0 MPH)
|
Batting: SHB Suzunosuke Yamaguchi
|
0-0: Foul Ball, location: 2F 0-1: Swinging Strike 0-2: Strikes out swinging
|
Pinch Hitting: RHB Ch'ang-chieh Hsia
|
0-0: Called Strike 0-1: Fly out, F2 (Popup, 23F, EV 88.8 MPH)
|
Top of the 9th over - 0 runs, 0 hits, 0 errors, 1 left on base; Oklahoma State University 1 - University of Illinois 4 |
|